[Event "*** SCC Grand Prix: Titled Tuesday Blitz"]
[Site "Chess.com"]
[Date "2020.07.21"]
[Round "10"]
[White "albano87"]
[Black "AniJak"]
[Result "0-1"]
[WhiteElo "2397"]
[BlackElo "2316"]
[TimeControl "180+1"]
[EndTime "11:59:02 PDT"]
[Termination "AniJak won by checkmate"]

1. e4 c6 2. d4 d5 3. Nc3 dxe4 4. Nxe4 Nf6 5. Nxf6+ gxf6 6. Qd3 Nd7 7. g3 Nb6 8. Bg2 Be6 9. b3 Qd7 10. Bb2 O-O-O 11. O-O-O h5 12. h4 Bh6+ 13. Kb1 Nd5 14. a3 Kb8 15. Ka2 Rhg8 16. Ne2 Qc7 17. c4 Nb6 18. Qc3 Bg4 19. Rhe1 f5 20. a4 f4 21. Bc1 Rg6 22. f3 Bf5 23. Nxf4 Rxg3 24. Ne2 Bxc1 25. Nxg3 Qxg3 26. Rg1 Qf2+ 27. Ka1 Be3 28.
d5 cxd5 29. c5 d4 30. Qa5 d3 31. cxb6 Bd4+ 32. Kb1 Qb2# 0-1

[Event "*** SCC Grand Prix: Titled Tuesday Blitz"]
[Site "Chess.com"]
[Date "2020.07.21"]
[Round "10"]
[White "maciejos95"]
[Black "Tooweak2slow03"]
[Result "1/2-1/2"]
[WhiteElo "2503"]
[BlackElo "2673"]
[TimeControl "180+1"]
[EndTime "11:59:04 PDT"]
[Termination "Game drawn by 50-move rule"]

1. e4 e6 2. d4 d5 3. Nd2 Nc6 4. Ngf3 Nf6 5. e5 Nd7 6. Bb5 a6 7. Bxc6 bxc6 8. c3 c5 9. O-O cxd4 10. cxd4 c5 11. dxc5 Bxc5 12. Nb3 O-O 13. Nxc5 Nxc5 14. b3 Ne4 15. Ba3 Re8 16. Qd4 a5 17. Rfc1 Bb7 18.
Rc2 Rc8 19. Rac1 Rxc2 20. Rxc2 Qd7 21. Nd2 Nxd2 22. Qxd2 a4 23. Bd6 Rc8 24. Rxc8+ Bxc8 25. Qc2 axb3 26. axb3 h6 27. b4 Ba6 28. Qc7 Qxc7 29. Bxc7 Kf8 30. Bd6+ Ke8 31. f4 Kd7 32. Bf8 g6 33. Bxh6 Kc6 34. Kf2 Kb5 35. Bf8 Kc4 36. Ke1 Kc3 37. g4 d4 38. Bc5 d3 39. Be3 Kxb4 40.
Kd2 Kc4 41. h4 Bb7 42. f5 exf5 43. gxf5 gxf5 44. Bf4 Bf3 45. Ke3 Be2 46. Kd2 Kd5 47. Ke3 Ke6 48. h5 Bxh5 49. Kxd3 f6 50. exf6 Kxf6 51. Ke3 Ke6 52. Bg3 Bg4 53. Bf4 Kd5 54. Bg3 Kc6 55. Bf4 Kb7 56. Bg3 Ka8 57. Bf4 Ka7 58.
Bg3 Ka6 59. Bf4 Ka5 60. Bg3 Kb4 61. Bf4 Ka4 62. Bg3 Kb3 63. Bf4 Ka2 64. Bg3 Kb1 65. Bf4 Kc2 66. Bg3 Kd1 67. Kf4 Ke2 68. Bh4 Kf1 69.
Bg5 Kg2 70. Bf6 Kf2 71. Be5 Ke2 72. Bf6 Kd3 73. Bg5 Kc4 74. Bh4 Kd5 75. Bg3 Ke6 76.
Bf2 Kf7 77. Be1 Kf6 78. Bd2 Kg6 79. Bc3 Kf7 80. Be1 Ke8 81. Bd2 Kd8 82. Bc3 Kc8 83.
Bd4 Kc7 84. Be5+ Kc6 85. Bf6 Kd5 86. Bg5 Kc4 87. Bh4 Kd3 88. Bg5 Ke2 89. Bf6 Kd3 90. Be5 Kc4 91. Bf6 Kd5 92. Bg5 Ke6 93. Bh4 Kf7 94. Bg3 Kg6 95. Bf2 Kh5 96. Be3 Kh4 97. Bf2+ Kh3 98. Bd4 Kg2 99. Be5 Kf1 100. Bf6 Ke2 1/2-1/2

[Event "*** SCC Grand Prix: Titled Tuesday Blitz"]
[Site "Chess.com"]
[Date "2020.07.21"]
[Round "10"]
[White "chessplayer9919"]
[Black "axvesik"]
[Result "1-0"]
[WhiteElo "2617"]
[BlackElo "2470"]
[TimeControl "180+1"]
[EndTime "11:59:05 PDT"]
[Termination "chessplayer9919 won by resignation"]

1. d4 Nf6 2. c4 e6 3. Nf3 d5 4. g3 dxc4 5. Bg2 a6 6. O-O Nc6 7. Nc3 Rb8 8. e4 Be7 9. a4 Na5 10. Bg5 O-O 11. e5 Nd5 12. Bxe7 Qxe7 13. Ne4 Rd8 14.
Qe2 Nb3 15. Rad1 b5 16. axb5 axb5 17. h4 Bb7 18. Nfg5 h6 19. Qh5 Ra8 20. Bh3 Ra2 21.
Bxe6 fxe6 22. Qg6 hxg5 23. Nxg5 Nf6 24. exf6 Qxf6 25. Qh7+ Kf8 26. Qb1 Qf5 27. Qxa2 Qh3 28. Nxh3 1-0

[Event "*** SCC Grand Prix: Titled Tuesday Blitz"]
[Site "Chess.com"]
[Date "2020.07.21"]
[Round "10"]
[White "londonkid"]
[Black "kobemagic"]
[Result "1-0"]
[WhiteElo "2421"]
[BlackElo "2322"]
[TimeControl "180+1"]
[EndTime "11:59:05 PDT"]
[Termination "londonkid won by resignation"]

1. d4 Nf6 2. c4 c5 3. d5 b5 4. cxb5 a6 5. bxa6 Bxa6 6. Nc3 d6 7. e4 Bxf1 8. Kxf1 g6 9. Nge2 Bg7 10. h3 O-O 11.
Kg1 Qa5 12. Kh2 Nbd7 13. Qc2 Rfb8 14. Rb1 Ne8 15. b3 Nc7 16. a4 Na6 17. Be3 Nb4 18. Qd2 Qa6 19. Nb5 Rxb5 20. axb5 Qxb5 21. Nc3 Qb7 22. Rhd1 Ne5 23. Bh6 Bf6 24. Bg5 Bg7 25. Qe3 Ned3 26. Rxd3 Nxd3 27. Qxd3 h6 28. Be3 Ra3 29.
Qc4 g5 30. Bc1 Ra8 31. Bd2 Qd7 32. Qb5 Qa7 33. Qc6 Rb8 34. Qa4 Qb7 35. Ne2 c4 1-0

[Event "*** SCC Grand Prix: Titled Tuesday Blitz"]
[Site "Chess.com"]
[Date "2020.07.21"]
[Round "10"]
[White "margarita_2703"]
[Black "Ausbildung"]
[Result "0-1"]
[WhiteElo "2378"]
[BlackElo "2264"]
[TimeControl "180+1"]
[EndTime "11:59:05 PDT"]
[Termination "Ausbildung won by checkmate"]

1. Nf3 g6 2. c4 Bg7 3. Nc3 d6 4. d4 Nc6 5. e4 e5 6. d5 Nd4 7. Be3 Nxf3+ 8. Qxf3 f5 9. Rd1 Nf6 10. exf5 gxf5 11. Bg5 O-O 12. Be2 a6 13. O-O Bd7 14.
c5 Rf7 15. Rfe1 Qf8 16. cxd6 cxd6 17. Qh3 Kh8 18. Qh4 Rc8 19. Rd3 Ng8 20. Bh5 e4 21. Rh3 h6 22. Bxf7 Qxf7 23. Qf4 Qg6 24. Bh4 Be5 25.
Qe3 f4 26. Qxe4 Qxe4 27. Nxe4 Bxh3 28. gxh3 Rc2 29. Rb1 Kg7 30. Kg2 Kf7 31. Kf3 Ne7 32. Bxe7 Kxe7 33. a3 Kf7 34. h4 Kg6 35. Kg4 h5+ 36. Kf3 Kf5 37. Rg1 Bf6 38. Nxd6+ Ke5 39. Re1+ Kxd5 40. Ne4 Bd4 41. Nc3+ Kc4 42. Re4 Rxf2# 0-1

[Event "*** SCC Grand Prix: Titled Tuesday Blitz"]
[Site "Chess.com"]
[Date "2020.07.21"]
[Round "10"]
[White "GMJustin"]
[Black "MVM2008"]
[Result "1-0"]
[WhiteElo "2293"]
[BlackElo "2173"]
[TimeControl "180+1"]
[EndTime "11:59:06 PDT"]
[Termination "GMJustin won by resignation"]

1. d4 Nf6 2. c4 c5 3. d5 b5 4. Qc2 e5 5. cxb5 a6 6. e4 axb5 7. Bxb5 Na6 8. Nc3 Nb4 9. Qe2 Qa5 10. Nf3 Qc7 11. O-O Ba6 12. a3 Bxb5 13. Nxb5 Qb8 14.
Bg5 Na6 15. Bxf6 gxf6 16. Nh4 Nc7 17. Nxc7+ Qxc7 18. Nf5 d6 19. b4 c4 20. Rfc1 Rc8 21. Rc3 Rg8 22. Rac1 Rb8 23. Rxc4 Qa7 24. Rc7 Qxa3 25.
Qb5+ 1-0

[Event "*** SCC Grand Prix: Titled Tuesday Blitz"]
[Site "Chess.com"]
[Date "2020.07.21"]
[Round "10"]
[White "Julianos82"]
[Black "VladimirBugayev"]
[Result "1-0"]
[WhiteElo "2270"]
[BlackElo "2146"]
[TimeControl "180+1"]
[EndTime "11:59:06 PDT"]
[Termination "Julianos82 won by checkmate"]

1. d4 d5 2. Bf4 c5 3. e3 Nc6 4. c3 Qb6 5. Nd2 Qxb2 6. Ngf3 Qxc3 7. Rc1 Qa5 8. dxc5 e6 9. Bd3 Nf6 10. O-O Be7 11. e4 dxe4 12. Nxe4 O-O 13. Qe2 Rd8 14.
Rfd1 Bd7 15. Bd6 Nxe4 16. Qxe4 f5 17. Qf4 Bf6 18. Bc4 Kh8 19. h4 Re8 20. Ng5 Bxg5 21.
hxg5 e5 22. Qh4 g6 23. Rd3 Be6 24. Rh3 h5 25. gxh6 Bxc4 26. Qf6+ Kg8 27. h7# 1-0

[Event "*** SCC Grand Prix: Titled Tuesday Blitz"]
[Site "Chess.com"]
[Date "2020.07.21"]
[Round "10"]
[White "MisiekZielony"]
[Black "felipelobo"]
[Result "1-0"]
[WhiteElo "2235"]
[BlackElo "2107"]
[TimeControl "180+1"]
[EndTime "11:59:08 PDT"]
[Termination "MisiekZielony won by checkmate"]

1. c4 c5 2. Nc3 g6 3. g3 Bg7 4. Bg2 Nf6 5. e4 O-O 6. Nge2 d6 7. O-O Nc6 8. d3 Qd7 9. h3 b6 10. Be3 Bb7 11. Kh2 e5 12. f4 Nd4 13.
Qd2 Rae8 14. Rf2 Nh5 15. Nd5 Bxd5 16. cxd5 f5 17. Raf1 exf4 18. Nxf4 Nxf4 19. Bxf4 fxe4 20. dxe4 Be5 21. Bh6 Bg7 22. Rxf8+ Rxf8 23. Rxf8+ Bxf8 24. Bxf8 Kxf8 25. Qf4+ Kg7 26. e5 dxe5 27. Qxe5+ Kg8 28. d6 Nf5 29. Bd5+ Kf8 30. Qh8# 1-0

[Event "*** SCC Grand Prix: Titled Tuesday Blitz"]
[Site "Chess.com"]
[Date "2020.07.21"]
[Round "10"]
[White "ChessAurochs"]
[Black "VerdeNotte"]
[Result "0-1"]
[WhiteElo "2606"]
[BlackElo "2853"]
[TimeControl "180+1"]
[EndTime "11:59:09 PDT"]
[Termination "VerdeNotte won by checkmate"]

1. e4 e5 2. Nf3 Nc6 3. Bb5 a6 4. Ba4 d6 5. c3 Bd7 6. d4 g6 7.
O-O Bg7 8. Re1 Nf6 9. Nbd2 O-O 10. h3 Nh5 11. Nf1 Kh8 12. Bg5 Qe8 13. dxe5 dxe5 14.
Qd2 f6 15. Be3 Rd8 16. Qc2 Nb4 17. cxb4 Bxa4 18. Qxc7 Bc6 19. N1d2 Rf7 20. Qb6 Rfd7 21. Rac1 g5 22. Kh2 Nf4 23. Bxf4 exf4 24. Nb3 h5 25.
e5 fxe5 26. Nxg5 Qg6 27. h4 Bf6 28. Nc5 Bxg5 29. Nxd7 Bxh4 30. Nxe5 Qxg2# 0-1

[Event "*** SCC Grand Prix: Titled Tuesday Blitz"]
[Site "Chess.com"]
[Date "2020.07.21"]
[Round "10"]
[White "ajdemipopushi"]
[Black "Savva09022009"]
[Result "1-0"]
[WhiteElo "2356"]
[BlackElo "2417"]
[TimeControl "180+1"]
[EndTime "11:59:09 PDT"]
[Termination "ajdemipopushi won by resignation"]

1. Nf3 Nf6 2. g3 e6 3. c4 d5 4. Bg2 Be7 5. O-O O-O 6. d4 c6 7. b3 Nbd7 8. Nc3 b6 9. Qc2 Bb7 10. Rd1 Ne4 11. Nxe4 dxe4 12. Qxe4 Nf6 13. Qc2 Qc7 14.
Bb2 c5 15. dxc5 Bxc5 16. Ng5 Bxf2+ 17. Kxf2 Qc5+ 18. Bd4 Qxg5 19. Bxb7 Rab8 20. Bf3 e5 21. Be3 Ng4+ 22. Bxg4 Qxg4 23. Kg2 f5 24. Rf1 f4 25. Bg1 e4 26. Qxe4 Rbe8 27. Qf3 Rxe2+ 28. Kh1 Qe6 29. Qd5 Qxd5+ 30. cxd5 f3 31. Bf2 Rd8 32. Rad1 Rxa2 33. Rd3 b5 34. Bc5 a5 35. Rdxf3 h6 36. Rf8+ Rxf8 37. Rxf8+ Kh7 38. Rb8 a4 39. Rxb5 a3 40.
Ra5 Ra1+ 41. Kg2 a2 42. d6 Rc1 43. d7 Rxc5 44. d8=Q Rxa5 45. Qxa5 1-0

[Event "*** SCC Grand Prix: Titled Tuesday Blitz"]
[Site "Chess.com"]
[Date "2020.07.21"]
[Round "10"]
[White "IANOV0007"]
[Black "GelmanAlexander"]
[Result "0-1"]
[WhiteElo "2429"]
[BlackElo "2583"]
[TimeControl "180+1"]
[EndTime "11:59:10 PDT"]
[Termination "GelmanAlexander won by resignation"]

1. Nf3 c5 2. g3 e6 3. Bg2 Nf6 4. O-O Be7 5. d3 O-O 6. e4 Nc6 7. Nbd2 d6 8. Re1 Qc7 9. c3 b6 10. a3 Bb7 11. b4 Rac8 12. Bb2 Rfd8 13. Qe2 h6 14. Rac1 Qb8 15. d4 Bf8 16. h3 a6 17. Nc4 b5 18. Ncd2 Qa7 19. Nb3 c4 20.
Nbd2 a5 21. Ra1 Qb6 22. e5 dxe5 23. dxe5 Nd7 24. Nf1 Ne7 25. Rad1 axb4 26. axb4 Nf5 27. g4 Ne7 28. Ng3 Ng6 29. Bc1 Bxf3 30. Qxf3 Ndxe5 31. Qe4 Rxd1 32. Rxd1 Rd8 33. Rxd8 Qxd8 34. Be3 Qd1+ 35. Kh2 Nd3 36. Qb7 Nh4 37. Qxb5 Nxg2 38. Kxg2 Ne1+ 39. Kh2 Nf3+ 40. Kg2 Nh4+ 41. Kh2 Qf3 0-1

[Event "*** SCC Grand Prix: Titled Tuesday Blitz"]
[Site "Chess.com"]
[Date "2020.07.21"]
[Round "10"]
[White "DaggiGretarsson"]
[Black "Harsha_Bharathakoti"]
[Result "0-1"]
[WhiteElo "2618"]
[BlackElo "2767"]
[TimeControl "180+1"]
[EndTime "11:59:14 PDT"]
[Termination "Harsha_Bharathakoti won by resignation"]

1. d4 Nf6 2. c4 g6 3. Nc3 d5 4. Bf4 Bg7 5. e3 O-O 6. Rc1 Be6 7. b3 c5 8. cxd5 Bxd5 9. dxc5 Qa5 10. Qd2 Rd8 11.
Nxd5 Qxd2+ 12. Kxd2 Nxd5 13. Ke2 Nxf4+ 14. exf4 Nc6 15.
Nf3 Nb4 16. a3 Nd3 17. Rc4 b5 18. Rc2 Nxf4+ 19. Ke1 Nd3+ 20. Bxd3 Rxd3 21. Ke2 Rxb3 22. c6 Bf6 23. Rd1 e6 24. c7 Rc8 25. Ne5 Kg7 26.
Nd7 Rc3 27. Rxc3 Bxc3 28. Rc1 Rxc7 29. Ne5 Bxe5 0-1

[Event "*** SCC Grand Prix: Titled Tuesday Blitz"]
[Site "Chess.com"]
[Date "2020.07.21"]
[Round "10"]
[White "QuintilianoR"]
[Black "Noam_Vitenberg"]
[Result "1-0"]
[WhiteElo "2689"]
[BlackElo "2500"]
[TimeControl "180+1"]
[EndTime "11:59:15 PDT"]
[Termination "QuintilianoR won on time"]

1. Nf3 d5 2. d4 Nf6 3. c4 e6 4.
Nc3 Bb4 5. Bg5 Nbd7 6. e3 c5 7.
cxd5 exd5 8. Bd3 c4 9. Bf5 Qa5 10. Qc2 O-O 11. O-O g6 12. Bxd7 Nxd7 13. e4 dxe4 14.
Qxe4 Nb6 15. Qh4 Bxc3 16. bxc3 Qxc3 17. Bh6 Nd7 18. Ne5 f6 19. Rac1 Qb4 20. Bxf8 Qxf8 21. Nxc4 b6 22. Qe4 Rb8 23. Qe6+ Kg7 24. Rfe1 Ne5 25.
Qd6 Qxd6 26. Nxd6 Nd3 27. Re7+ Kf8 28. Re8+ Kg7 29. Rcxc8 Rxc8 30. Nxc8 1-0

[Event "*** SCC Grand Prix: Titled Tuesday Blitz"]
[Site "Chess.com"]
[Date "2020.07.21"]
[Round "10"]
[White "KobyKalavannan"]
[Black "GMartin_Petrov"]
[Result "0-1"]
[WhiteElo "2704"]
[BlackElo "2625"]
[TimeControl "180+1"]
[EndTime "11:59:19 PDT"]
[Termination "GMartin_Petrov won on time"]

1. d4 Nf6 2. c4 e6 3. Nf3 b6 4. g3 Ba6 5. Qc2 d5 6. cxd5 exd5 7. Bg2 Be7 8. O-O O-O 9. Bf4 c5 10. Nc3 Nc6 11. Rfd1 Rc8 12. dxc5 bxc5 13. e3 Nb4 14. Qa4 Qe8 15. Qxe8 Rfxe8 16. Ne5 Bd6 17. Nd7 Bxf4 18.
Nxf6+ gxf6 19. gxf4 d4 20. exd4 cxd4 21. Rxd4 Nc2 22. Rd6 Nxa1 23. Rxa6 Re1+ 24. Bf1 Kh8 25. f3 Rc1 26. Rxf6 Rc2 27. Ne2 Rxb2 28. Rxf7 Rxa2 29. f5 Nc2 30. Re7 Nd4 31. Nxd4 Rg8+ 32. Kh1 Ra1 33. h4 Rxf1+ 34. Kh2 Rf2+ 35. Kh3 Rfg2 36. h5 R2g3+ 37.
Kh2 R3g5 0-1

[Event "*** SCC Grand Prix: Titled Tuesday Blitz"]
[Site "Chess.com"]
[Date "2020.07.21"]
[Round "10"]
[White "SzMM19"]
[Black "bocah_sakit"]
[Result "0-1"]
[WhiteElo "2577"]
[BlackElo "2721"]
[TimeControl "180+1"]
[EndTime "11:59:23 PDT"]
[Termination "bocah_sakit won by resignation"]

1. e4 c5 2. Nf3 Nc6 3. Bb5 g6 4. Bxc6 dxc6 5. d3 Bg7 6. h3 Nf6 7. Nc3 Nd7 8. Be3 b6 9. Qd2 h6 10. Nh2 e5 11. O-O Nf8 12. f4 exf4 13. Bxf4 Ne6 14.
Be3 Nd4 15. Kh1 Be6 16. a4 Qd7 17. a5 b5 18. Ne2 O-O-O 19. Bxd4 cxd4 20. Nf4 g5 21.
Nxe6 fxe6 22. Ng4 Rhf8 23. Qe2 Kb7 24. Nh2 Be5 25. Ng4 Bg7 26. Nh2 Ka6 27. Ng4 Qe7 28. Nh2 Rxf1+ 29. Rxf1 Rf8 30. Nf3 Qb4 31. b3 Kxa5 32.
Nh2 Kb6 33. Rxf8 Qxf8 34. Nf3 a5 35. e5 Qf4 36. Qe1 c5 37. Kg1 h5 38. Nd2 Bxe5 39. Ne4 a4 40. bxa4 bxa4 41. Qa1 Qe3+ 42. Kf1 Bh2 43. Qb2+ Kc6 44. Qa3 Qg1+ 45. Ke2 Qxg2+ 46.
Nf2 Bg3 47. Qxa4+ Kd6 48. Qa6+ Ke7 49. Qb7+ Qxb7 0-1

[Event "*** SCC Grand Prix: Titled Tuesday Blitz"]
[Site "Chess.com"]
[Date "2020.07.21"]
[Round "10"]
[White "jsl796"]
[Black "BakaPG"]
[Result "1-0"]
[WhiteElo "2894"]
[BlackElo "2655"]
[TimeControl "180+1"]
[EndTime "11:59:24 PDT"]
[Termination "jsl796 won on time"]

1. d4 d5 2. c4 c6 3. cxd5 cxd5 4. Bf4 Nc6 5. e3 Nf6 6. Nc3 Bg4 7. f3 Bf5 8. g4 Be6 9. h4 g6 10. Nh3 h6 11.
Bg3 Bg7 12. Nf4 Qd7 13. Qb3 g5 14. hxg5 hxg5 15. Rxh8+ Bxh8 16. Nxe6 fxe6 17. Rc1 Kf7 18. Na4 Na5 19. Qb5 Qxb5 20. Bxb5 Ne8 21. Nc5 b6 22.
Nd3 Nd6 23. Bxd6 exd6 24. b4 Nc4 25. Bxc4 dxc4 26. Rxc4 a5 27. b5 Bf6 28. Rc7+ Ke8 29. Rc6 Kd7 30. a4 Bd8 31. Nf2 Bc7 32. Ne4 Rf8 33. Nxg5 Bd8 34. Ne4 d5 35. Nd2 Rh8 36. f4 Rh2 37. Nf3 Rg2 38. Ne5+ Ke7 39. Rc8 1-0

[Event "*** SCC Grand Prix: Titled Tuesday Blitz"]
[Site "Chess.com"]
[Date "2020.07.21"]
[Round "10"]
[White "capatl"]
[Black "BlackBoarder"]
[Result "0-1"]
[WhiteElo "2427"]
[BlackElo "2571"]
[TimeControl "180+1"]
[EndTime "11:59:24 PDT"]
[Termination "BlackBoarder won by resignation"]

1. c4 e6 2. d4 Nf6 3. Nf3 d5 4. Nc3 Bb4 5. cxd5 exd5 6. Bg5 h6 7. Bxf6 Qxf6 8. Qa4+ Nc6 9. a3 Bxc3+ 10. bxc3 O-O 11. e3 Ne7 12. c4 Bg4 13. Ne5 Bf5 14. c5 b6 15. Rc1 bxc5 16. Rxc5 Rab8 17. Bb5 a6 18. Be2 Rb1+ 19. Bd1 Ng6 20. Nxg6 Qxg6 21. O-O Bh3 22. Bf3 Rxf1+ 23. Kxf1 Qd3+ 24. Ke1 Bf5 25. Qd1 Qxa3 26. Rxd5 Bd3 27. Rc5 Rb8 28. Rc1 Rb2 29. Bd5 Qa5+ 0-1

[Event "*** SCC Grand Prix: Titled Tuesday Blitz"]
[Site "Chess.com"]
[Date "2020.07.21"]
[Round "10"]
[White "elohunter1999"]
[Black "icychess54"]
[Result "1/2-1/2"]
[WhiteElo "2446"]
[BlackElo "2276"]
[TimeControl "180+1"]
[EndTime "11:59:24 PDT"]
[Termination "Game drawn by repetition"]

1. e4 c5 2. Nf3 d6 3. d4 cxd4 4. Nxd4 Nf6 5. Nc3 Nc6 6. Bg5 e6 7. Qd2 h6 8. Nxc6 bxc6 9. Bf4 e5 10. Be3 Ng4 11. O-O-O Be7 12. Kb1 O-O 13. Bc4 Be6 14. Bxe6 fxe6 15. Qe2 Nxe3 16. Qxe3 Qb6 17. Qh3 Rf6 18.
g4 Rxf2 19. g5 Bxg5 20. Qxe6+ Kh8 21. Rxd6 Raf8 22. Rhd1 Rxh2 23. Qxe5 Bf4 24. Qe7 Bxd6 25. Qxd6 Rff2 26. e5 Rxc2 27. Qf8+ Kh7 28. Qf5+ Kg8 29. Qc8+ Kh7 30. Qf5+ Kg8 31. Qc8+ Kh7 32. Qf5+ 1/2-1/2

[Event "*** SCC Grand Prix: Titled Tuesday Blitz"]
[Site "Chess.com"]
[Date "2020.07.21"]
[Round "10"]
[White "sm_sharon"]
[Black "FMalexhdez"]
[Result "0-1"]
[WhiteElo "2055"]
[BlackElo "2140"]
[TimeControl "180+1"]
[EndTime "11:59:24 PDT"]
[Termination "FMalexhdez won on time"]

1. e4 c5 2. g3 d6 3. Bg2 g6 4. Ne2 Nc6 5. O-O Bg7 6. c3 e6 7.
d4 cxd4 8. cxd4 Nge7 9. Be3 d5 10. e5 Nf5 11. Nbc3 Nxe3 12. fxe3 h5 13. h4 g5 14. hxg5 Qxg5 15. Nf4 h4 16. Qf3 Qxg3 17. Nh5 Qxf3 18.
Nxg7+ Kf8 19. Nxe6+ Bxe6 20. Rxf3 h3 21. Bh1 Ke7 22.
Kh2 Nb4 23. Raf1 Nd3 24. Rf6 Rad8 25. b3 Rd7 26. Na4 Rc8 27. Rd1 Rc2+ 28. Kg3 Nb2 29.
Nxb2 Rxb2 30. Rdf1 Rd8 31. e4 Rg8+ 32. Kh4 dxe4 33.
Bxe4 Rg4+ 34. Kxh3 Rxe4+ 35. Rxe6+ fxe6 36. d5 Rxe5 0-1

[Event "*** SCC Grand Prix: Titled Tuesday Blitz"]
[Site "Chess.com"]
[Date "2020.07.21"]
[Round "10"]
[White "RodinMihail"]
[Black "jacky72"]
[Result "0-1"]
[WhiteElo "2480"]
[BlackElo "2636"]
[TimeControl "180+1"]
[EndTime "11:59:25 PDT"]
[Termination "jacky72 won by resignation"]

1. e4 e5 2. Nf3 Nc6 3. Nc3 Nf6 4. d4 exd4 5. Nxd4 Bb4 6. Nxc6 bxc6 7. Bd3 d5 8. exd5 O-O 9. O-O cxd5 10. Bg5 c6 11.
Qf3 Bd6 12. h3 Rb8 13. b3 Be5 14. Bf4 Bxf4 15. Qxf4 Re8 16. Rad1 Rb7 17. Rfe1 Rbe7 18. Rxe7 Qxe7 19. Na4 Qe5 20. Qxe5 Rxe5 21. Nc5 Nd7 22. Nxd7 Bxd7 23. b4 Kf8 24. c3 h6 25. Kf1 Bf5 26. Bxf5 Rxf5 27. Ke2 Re5+ 28. Kd3 Ke7 29. Rd2 Kd6 30.
c4 Re4 31. c5+ Kd7 32. Kc3 Re1 33. Rb2 a6 34. Kd2 Rg1 35. g3 g5 36. Rb3 Rh1 37. Ra3 Rb1 38. Ra4 Rb2+ 39. Ke3 f5 40. a3 Rb3+ 41. Ke2 f4 42. gxf4 gxf4 43. Rxa6 Rxh3 44. Ra7+ Ke6 45. Rc7 Rxa3 46. Rxc6+ Ke5 47. Rxh6 Kd4 48. c6 f3+ 49. Kd2 Ra2+ 50. Kc1 Kc3 51. Kb1 Rb2+ 52.
Ka1 Rxb4 53. Rf6 Kc2 0-1

[Event "*** SCC Grand Prix: Titled Tuesday Blitz"]
[Site "Chess.com"]
[Date "2020.07.21"]
[Round "10"]
[White "kidagent"]
[Black "Ariadna_Atreides"]
[Result "1-0"]
[WhiteElo "2215"]
[BlackElo "2105"]
[TimeControl "180+1"]
[EndTime "11:59:26 PDT"]
[Termination "kidagent won by resignation"]

1. e4 c5 2. Nf3 d6 3. d4 cxd4 4. Nxd4 Nf6 5. Nc3 Nc6 6. Be2 e5 7. Nb3 Be7 8. O-O O-O 9. Be3 Be6 10. f4 exf4 11. Bxf4 d5 12. Bf3 d4 13. Ne2 Qb6 14. Kh1 Rfd8 15. Qe1 a5 16. Rb1 a4 17. Nbc1 Nb4 18.
c3 Nxa2 19. Nxd4 Nxc1 20. Qxc1 Bc4 21. Re1 Rac8 22. Nf5 Bc5 23. Bg5 Rd7 24. e5 Nd5 25. Bh4 Bd3 26. Qg5 Bxf5 27. Qxf5 Qc7 28. e6 Ne3 29. Rxe3 Bxe3 30. exd7 Rf8 31. Bd5 g6 32. Qxf7+ Rxf7 33. d8=Q+ Qxd8 34. Bxd8 Kf8 35. Bxf7 Kxf7 36. Re1 Bd2 37. Re2 Bc1 38. Bb6 Kf6 39. g4 Kg5 40.
Be3+ Bxe3 41. Rxe3 Kxg4 42. Re7 1-0

[Event "*** SCC Grand Prix: Titled Tuesday Blitz"]
[Site "Chess.com"]
[Date "2020.07.21"]
[Round "10"]
[White "grandcoach"]
[Black "canary2016"]
[Result "0-1"]
[WhiteElo "2110"]
[BlackElo "1940"]
[TimeControl "180+1"]
[EndTime "11:59:26 PDT"]
[Termination "canary2016 won by resignation"]

1. e4 e5 2. Nf3 Nf6 3. d4 Nxe4 4.
dxe5 d5 5. Nbd2 Be7 6. Nxe4 dxe4 7. Qxd8+ Bxd8 8. Ng5 Bf5 9. Bc4 Bxg5 10. Bxg5 O-O 11.
O-O-O h6 12. Bh4 Nc6 13. Bg3 Rad8 14. Bd5 Nb4 15. Bxb7 Nxa2+ 16. Kb1 Nb4 17. Bh4 Rxd1+ 18. Rxd1 e3 19. fxe3 Bxc2+ 20. Kc1 Bxd1 21. Kxd1 Rb8 22. Be4 Rb5 23. Be7 Rxe5 24. Bxb4 Rxe4 25. Bd2 Kf8 26. Kc2 Ke7 27. Kd3 Rg4 28. g3 Ra4 29. Bc3 g6 30. e4 Ke6 31. Bd4 Ra1 32. h4 Ra2 33. Kc3 Ra4 34.
Kd3 a5 35. Kc3 Rb4 36. Kd3 a4 37. Bc3 Rb3 38. Kc4 f5 39. exf5+ Kxf5 40. Bg7 h5 41. Bh6 0-1

[Event "*** SCC Grand Prix: Titled Tuesday Blitz"]
[Site "Chess.com"]
[Date "2020.07.21"]
[Round "10"]
[White "Alexander_Moskalenko"]
[Black "mishanick"]
[Result "1-0"]
[WhiteElo "2823"]
[BlackElo "2915"]
[TimeControl "180+1"]
[EndTime "11:59:27 PDT"]
[Termination "Alexander_Moskalenko won by checkmate"]

1. c4 e5 2. Nc3 Nf6 3. Nf3 Nc6 4. g3 Bb4 5. Bg2 O-O 6. O-O e4 7. Ng5 Bxc3 8. bxc3 Qe7 9. Qc2 Re8 10. d3 exd3 11.
exd3 h6 12. Nf3 d6 13. Bf4 Bf5 14. Nd4 Nxd4 15. cxd4 c6 16. h3 Qd7 17. g4 Bg6 18. a4 h5 19. f3 c5 20. d5 b6 21.
Qd2 Nh7 22. Bg3 Re7 23. d4 Rae8 24. dxc5 bxc5 25. Rfe1 hxg4 26. hxg4 Nf6 27. a5 Rxe1+ 28. Rxe1 Rb8 29. Bf1 Rb3 30. Qf4 Ne8 31. Re3 Rb1 32. Re1 Rb3 33. Kf2 Kf8 34. Qd2 Qb7 35. Qg5 Qd7 36. Qh4 Nf6 37. Qh8+ Ng8 38. Qh2 Rb2+ 39.
Be2 Ke7 40. Kf1 Qc7 41. Bd3+ Kd7 42. Qxb2 Bxd3+ 43. Kf2 Qxa5 44. Qb7+ Kd8 45. Qb8+ Kd7 46. Qxd6+ Kc8 47. Re8+ Kb7 48. Rb8# 1-0

[Event "*** SCC Grand Prix: Titled Tuesday Blitz"]
[Site "Chess.com"]
[Date "2020.07.21"]
[Round "10"]
[White "MasterKroket"]
[Black "Chessbard1972"]
[Result "1-0"]
[WhiteElo "2413"]
[BlackElo "2299"]
[TimeControl "180+1"]
[EndTime "11:59:28 PDT"]
[Termination "MasterKroket won by checkmate"]

1. d4 Nf6 2. c4 g6 3. Nc3 Bg7 4. e4 O-O 5. Nf3 d6 6. Be2 Na6 7. Bg5 h6 8. Bh4 c5 9. d5 e6 10. O-O exd5 11. cxd5 Nc7 12. a4 b6 13. Nd2 g5 14. Bg3 Ba6 15. Nb5 Nxb5 16. axb5 Bc8 17. f4 gxf4 18. Bxf4 Re8 19. Bd3 Bg4 20. Qc2 Nh5 21.
Be3 Be5 22. Nc4 Bg7 23. Qf2 Qe7 24. h3 Bd7 25. Rae1 Bxb5 26. e5 Bxc4 27. Bxc4 Bxe5 28.
Qf3 Ng3 29. Qg4+ Kh8 30. Bxh6 Rg8 31. Qf3 Nxf1 32. Rxf1 Rg6 33. Qh5 Kg8 34. Bd3 Rg3 35. Bb1 Bg7 36. Bf4 Rb3 37. Qh7+ Kf8 38. Bh6 Bxh6 39.
Qh8# 1-0

[Event "*** SCC Grand Prix: Titled Tuesday Blitz"]
[Site "Chess.com"]
[Date "2020.07.21"]
[Round "10"]
[White "TheCount"]
[Black "UCantHandleDenker"]
[Result "1-0"]
[WhiteElo "2668"]
[BlackElo "2560"]
[TimeControl "180+1"]
[EndTime "11:59:29 PDT"]
[Termination "TheCount won by checkmate"]

1. d4 Nf6 2. c4 g6 3. Nc3 Bg7 4. e4 d6 5. Be2 O-O 6. Bg5 Na6 7. f4 c6 8. Bf3 Nd7 9. Nge2 Rb8 10. O-O Re8 11.
Rc1 Nc7 12. Bh4 a6 13. e5 c5 14. exd6 Ne6 15. dxe7 Rxe7 16. Nd5 f6 17. Nxe7+ Qxe7 18. d5 Nef8 19. Nc3 Qd6 20. Ne4 Qb6 21. f5 Ne5 22.
fxg6 hxg6 23. Bf2 Qxb2 24. Bxc5 Bf5 25. Bd4 Qxa2 26. Re1 Rd8 27. Nxf6+ Bxf6 28. Bxe5 Bxe5 29. Rxe5 Qb2 30. Qe1 Qd4+ 31. Qe3 Qb2 32. c5 a5 33.
c6 bxc6 34. dxc6 a4 35. c7 Rc8 36. Bd5+ Kg7 37. Re7+ Kf6 38. Rf7# 1-0

[Event "*** SCC Grand Prix: Titled Tuesday Blitz"]
[Site "Chess.com"]
[Date "2020.07.21"]
[Round "10"]
[White "tan275"]
[Black "dodorox"]
[Result "0-1"]
[WhiteElo "2241"]
[BlackElo "2161"]
[TimeControl "180+1"]
[EndTime "11:59:31 PDT"]
[Termination "dodorox won by checkmate"]

1. d4 Nf6 2. c4 e6 3. g3 d5 4. Nf3 Be7 5. Bg2 O-O 6. O-O b6 7. cxd5 exd5 8. Nc3 Bb7 9. Bf4 a6 10. Rc1 Re8 11. Ne5 c5 12. dxc5 bxc5 13. Qb3 Ra7 14.
Rfd1 c4 15. Qc2 Qa5 16. Be3 Bc5 17. Bxc5 Qxc5 18. Na4 Qa5 19. f4 Nc6 20. Nxc6 Bxc6 21. b3 Bxa4 22. bxa4 Rae7 23. h3 Rxe2 24. Qc3 Qc5+ 25.
Kh2 Qf2 26. Rg1 Ne4 27. Qb4 Qxg3+ 28. Kh1 Nf2# 0-1